[Event "Skol-SM 2021, grupp A"]
[Site "Helsingborg Arena"]
[Date "2021.10.10"]
[Round "8.3"]
[White "Muntean, Victor"]
[Black "Bensryd, Hampus"]
[Result "1-0"]
[WhiteElo "1932"]
[BlackElo "1803"]
[ECO "C54"]
[TimeControl "45 minutes + 10 seconds per move from move one."]
[WhiteFideId "1054414"]
[BlackFideId "1738330"]

1.e4 e5 2.Nf3 Nc6 3.Bc4 Bc5 4.c3 Nf6 5.d4 exd4 6.e5 d5 7.Bb5 Ne4 8.cxd4 
Bb6 9.O-O O-O 10.Be3 Bg4 11.Bxc6 bxc6 12.Nc3 Nxc3 13.bxc3 Qe7 14.h3 Bh5 
15.g4 Bg6 16.Bg5 Qe6 17.Qd2 h6 18.Bh4 c5 19.Rae1 Be4 20.Nh2 cxd4 21.cxd4 
c5 22.f3 Bh7 23.f4 Be4 24.f5 Qe8 25.f6 cxd4 26.fxg7 d3+ 27.Rf2 Kxg7 28.
Bf6+ Kh7 29.g5 Rc8 30.Ng4 Rc2 31.g6+ fxg6 32.Qxh6+ Kg8 33.Qg7# 1-0

[Event "Skol-SM 2021, grupp A"]
[Site "Helsingborg Arena"]
[Date "2021.10.10"]
[Round "8.4"]
[White "Skahlberg Bjerknes-Lima de Faria, Warg"]
[Black "Joensson, Oscar"]
[Result "1-0"]
[WhiteElo "1540"]
[BlackElo "1741"]
[ECO "A13"]
[TimeControl "45 minutes + 10 seconds per move from move one."]
[WhiteFideId "1738100"]
[BlackFideId "1729977"]

1.c4 e6 2.Nf3 d5 3.b3 Nf6 4.Bb2 c5 5.cxd5 exd5 6.d4 b6 7.g3 Bb7 8.Bg2 Be7 
9.O-O O-O 10.Nc3 Re8 11.Rc1 Nbd7 12.Qc2 Rc8 13.Qb1 Qc7 14.Rfd1 Qb8 15.e3 
Bf8 16.Bh3 Rcd8 17.Bg2 Ne4 18.dxc5 Ndxc5 19.Nxe4 dxe4 20.Ne1 a5 21.Rd4 
Rxd4 22.Bxd4 Qd6 23.Bf1 Ba6 24.Rd1 Qe6 25.Bxa6 Nxa6 26.Qb2 Nb4 27.a3 Na6 
28.Rc1 h5 29.Bc3 Nc5 30.b4 Na4 31.Qc2 Rc8 32.Qxa4 axb4 33.axb4 Qd5 34.Bb2 
Ra8 35.Qd1 Qb5 36.Bc3 h4 37.Nc2 hxg3 38.hxg3 Qf5 39.Nd4 Qh3 40.Qf1 Qh5 41.
Qe2 Qh3 42.Qf1 Qh5 43.Kg2 Be7 44.Qh1 Qg4 45.Qh3 Qxh3+ 46.Kxh3 Rc8 47.Bd2 
1-0

[Event "Skol-SM 2021, grupp A"]
[Site "Helsingborg Arena"]
[Date "2021.10.10"]
[Round "8.5"]
[White "Johansson, Sigge"]
[Black "Al-Sherufi, Haider"]
[Result "0-1"]
[WhiteElo "1258"]
[BlackElo "1466"]
[ECO "C02"]
[TimeControl "45 minutes + 10 seconds per move from move one."]
[WhiteFideId "1742612"]
[BlackFideId "1745212"]

1.e4 e6 2.d4 d5 3.e5 c5 4.Nf3 Nc6 5.c3 Qb6 6.Be2 Bd7 7.O-O cxd4 8.cxd4 Rc8
9.Nc3 Nge7 10.Na4 Qc7 11.Bg5 h6 12.Bh4 Nf5 13.Rc1 Qa5 14.Bg3 Be7 15.a3 
Nxg3 16.fxg3 O-O 17.Nc5 Nxd4 18.Nxd7 Rxc1 19.Qxd4 Rc7 20.Nxf8 Bc5 0-1

[Event "Skol-SM 2021, grupp B"]
[Site "Helsingborg Arena"]
[Date "2021.10.09"]
[Round "3.1"]
[White "Falkevall, Axel"]
[Black "Ostlund, Joar"]
[Result "1-0"]
[WhiteElo "1948"]
[BlackElo "1700"]
[ECO "C01"]
[TimeControl "45 minutes + 10 seconds per move from move one."]
[WhiteTitle "CM"]
[WhiteFideId "1735560"]
[BlackFideId "1735020"]

1.e4 e5 2.Nf3 Nf6 3.Nxe5 d6 4.Nf3 Nxe4 5.d3 Nf6 6.d4 d5 7.Bd3 Bd6 8.O-O 
O-O 9.h3 Nc6 10.a3 Ne7 11.c4 dxc4 12.Bxc4 c6 13.Nc3 Ned5 14.Re1 Re8 15.Bg5
Be6 16.Bxd5 cxd5 17.Qb3 h6 18.Bxf6 Qxf6 19.Nb5 Bf4 20.Ne5 Re7 21.Nd3 Bb8 
22.Ne5 Qf4 23.Rad1 a6 24.Nc3 f6 25.Nxd5 Kh7 26.Qd3+ Bf5 27.Nxf4 Bxd3 28.
Nexd3 1-0

[Event "Skol-SM 2021, grupp B"]
[Site "Helsingborg Arena"]
[Date "2021.10.09"]
[Round "3.2"]
[White "Lindholm, Gustav"]
[Black "Olsson, William"]
[Result "1-0"]
[WhiteElo "1709"]
[BlackElo "1944"]
[ECO "D43"]
[TimeControl "45 minutes + 10 seconds per move from move one."]
[BlackTitle "FM"]
[WhiteFideId "1736515"]
[BlackFideId "1741721"]

1.d4 d5 2.c4 c6 3.Nf3 Nf6 4.Nc3 e6 5.Bg5 h6 6.Bh4 dxc4 7.e4 g5 8.Bg3 b5 9.
Be2 Bb7 10.h4 g4 11.Ne5 Nbd7 12.Nxd7 Qxd7 13.Be5 Bg7 14.Bxg4 Rg8 15.Bf3 a6
16.Qc2 Qe7 17.b3 cxb3 18.Qxb3 Nd7 19.Bxg7 Rxg7 20.e5 Nb6 21.Ne4 O-O-O 22.
Nd6+ Kb8 23.Qc2 Qc7 24.O-O Nc8 25.Nxb7 Kxb7 26.Rfc1 Ne7 27.Qc5 Nd5 28.a4 
Qb6 29.axb5 axb5 30.Qa3 Kc7 31.Rc5 Qb7 32.Qc1 Rh7 33.Ra5 Kd7 34.Qa1 Ke8 
35.Bxd5 exd5 36.Ra7 Qc8 37.Qc1 Qg4 38.Rxc6 Qxd4 39.Rcc7 Qxe5 40.Qc5 Qd6 
41.Qxb5+ Kf8 42.Qd3 Rg7 43.Qf5 Qg6 44.Qxg6 Rxg6 45.Rxf7+ Kg8 46.Rfd7 Rd6 
47.Rxd8+ Rxd8 48.Kf1 Rb8 49.Rd7 Rb4 50.g3 Rd4 51.Ke2 Re4+ 52.Kf3 Rd4 53.
Ke3 Re4+ 54.Kd3 Re5 55.f3 Rf5 56.Ke3 Kf8 57.g4 Ke8 58.Rd6 Ke7 59.Rxh6 Rf7 
60.Ra6 Kf8 61.Rd6 Re7+ 62.Kf4 Rf7+ 63.Kg3 1-0

[Event "Skol-SM 2021, grupp B"]
[Site "Helsingborg Arena"]
[Date "2021.10.09"]
[Round "3.3"]
[White "Nilsson, Oliver"]
[Black "Strom-Engdahl, Alexander"]
[Result "1/2-1/2"]
[WhiteElo "1527"]
[BlackElo "1822"]
[ECO "C01"]
[TimeControl "45 minutes + 10 seconds per move from move one."]
[WhiteFideId "1730177"]
[BlackFideId "1741586"]

1.e3 e5 2.d4 exd4 3.exd4 d5 4.c4 Nf6 5.Nc3 Bb4 6.Nf3 O-O 7.Be2 dxc4 8.O-O 
c5 9.dxc5 Bxc5 10.Bxc4 Nc6 11.Bg5 Be7 12.h3 Bf5 13.a3 Qxd1 14.Raxd1 Rfd8 
15.b4 Rac8 16.Nd5 Nxd5 17.Bxd5 Bxg5 18.Nxg5 Bg6 19.Rfe1 Kf8 20.Be4 Bxe4 
21.Nxe4 Rxd1 22.Rxd1 Rd8 23.Rxd8+ Nxd8 24.Kf1 Ke7 25.Ke2 Ne6 26.Ke3 Nc7 
27.g3 f5 28.Nc3 1/2-1/2

[Event "Skol-SM 2021, grupp B"]
[Site "Helsingborg Arena"]
[Date "2021.10.09"]
[Round "3.4"]
[White "Mitra, Akash"]
[Black "Frank, Anton"]
[Result "1-0"]
[WhiteElo "1776"]
[BlackElo "1525"]
[ECO "B23"]
[TimeControl "45 minutes + 10 seconds per move from move one."]
[WhiteFideId "1726714"]
[BlackFideId "1752383"]

1.e4 c5 2.Nc3 d6 3.Bc4 Nf6 4.d3 g6 5.f4 Bg7 6.Nf3 e6 7.O-O O-O 8.Bb3 Nc6 
9.Qe1 Ne7 10.Qh4 b5 11.Nxb5 Qb6 12.c4 Bd7 13.Nc3 a5 14.Bc2 Nc6 15.h3 Ne8 
16.Rb1 Nb4 17.Qf2 Rb8 18.Be3 Nc7 19.Rfd1 Nxc2 20.Qxc2 e5 21.fxe5 dxe5 22.
Nd5 Nxd5 23.cxd5 Rfc8 24.Nd2 a4 25.Nc4 Qc7 26.Qf2 Bf8 27.Rf1 Bb5 28.Rbc1 
Rb7 29.Rc2 Rcb8 30.Qd2 Bxc4 31.dxc4 Rb4 32.Rf3 Qb7 33.d6 Qxe4 34.Bxc5 Rxc4
35.Rxc4 Qxc4 36.Rc3 Qe6 37.d7 Rd8 38.Bxf8 Kxf8 39.Rd3 Qxa2 40.Qb4+ Kg8 41.
Qe7 Qb1+ 42.Kh2 Qxd3 43.Qxd8+ Kg7 44.Qe7 Qe3 45.Qh4 g5 46.Qg3 Qd4 47.Qxg5+
1-0

[Event "Skol-SM 2021, grupp B"]
[Site "Helsingborg Arena"]
[Date "2021.10.09"]
[Round "3.5"]
[White "Dingertz, Erik"]
[Black "Walter, Fridolf"]
[Result "1-0"]
[WhiteElo "1761"]
[BlackElo "1456"]
[ECO "A22"]
[TimeControl "45 minutes + 10 seconds per move from move one."]
[WhiteFideId "1741578"]
[BlackFideId "1753347"]

1.c4 e5 2.Nc3 Nf6 3.g3 Bc5 4.Bg2 c6 5.d3 d5 6.cxd5 cxd5 7.Bg5 Bxf2+ 8.Kxf2
Ng4+ 9.Ke1 Qxg5 10.Nxd5 Na6 11.Nf3 Qd8 12.Qb3 O-O 13.h3 Be6 14.hxg4 Bxd5 
15.Qc2 Nb4 16.Qd2 Nc6 17.Nh4 Ne7 18.e4 Be6 19.Nf5 Bxf5 20.gxf5 f6 21.Qb4 
Rc8 22.Kd2 Rc7 23.Qb3+ Rf7 24.Bf3 Nc6 25.Bh5 Nd4 26.Bxf7+ Rxf7 27.Qc4 b5 
28.Qb4 Rd7 29.Rhd1 Nf3+ 30.Ke2 Nd4+ 31.Kf2 Kh8 32.Rac1 h6 33.Qc5 Qe8 34.g4
Rd8 35.Qc7 Rd7 36.Qc8 Rd8 37.Qb7 Rb8 38.Qc7 b4 39.Rc4 Nb5 40.Qc6 Qd8 41.
Rdc1 Nd6 42.R4c2 Kh7 43.Qc7 Qf8 44.Qd7 Rd8 45.Qe6 Re8 46.Qd5 Rd8 47.Rc7 a5
48.Qxa5 Ra8 49.Ra7 Rd8 50.Rcc7 Ne8 51.Rf7 Qd6 52.Qb5 Qd4+ 53.Kf3 Kg8 54.
Qc4 Qxc4 55.dxc4 Rc8 56.Rfb7 Rd8 57.Ke3 Rc8 58.b3 Rd8 59.Rd7 Rc8 60.Kd3 
Kh7 61.Rd5 h5 62.gxh5 Kh6 63.c5 Kxh5 64.Kc4 Kg4 65.Rdd7 Kf4 66.Kd5 Ke3 67.
c6 Kf4 68.c7 Kg5 69.Kc6 g6 70.fxg6 Kxg6 71.Rd8 1-0

[Event "Skol-SM 2021, grupp B"]
[Site "Helsingborg Arena"]
[Date "2021.10.09"]
[Round "3.6"]
[White "Backlund, Elias"]
[Black "Bjorck, Mauritz"]
[Result "0-1"]
[WhiteElo "1421"]
[BlackElo "1259"]
[ECO "A57"]
[TimeControl "45 minutes + 10 seconds per move from move one."]
[WhiteFideId "1753207"]
[BlackFideId "1742701"]

1.d4 Nf6 2.c4 c5 3.d5 b5 4.cxb5 a6 5.b6 d6 6.Qb3 Bb7 7.Nc3 Nbd7 8.e4 Qxb6 
9.Qxb6 Nxb6 10.b3 g6 11.Bb2 Bg7 12.Bd3 O-O 13.Nce2 a5 14.Ng3 Rfb8 15.Nf3 
Nxe4 16.Bxg7 Nxg3 17.fxg3 Kxg7 18.Bc4 Bxd5 19.Bxd5 Nxd5 20.O-O a4 21.bxa4 
Rxa4 22.Ng5 Nf6 23.Rfe1 e5 24.Reb1 Rxb1+ 25.Rxb1 h6 26.Nf3 Rxa2 27.Rb6 c4 
28.Rxd6 Ra1+ 29.Kf2 Ne4+ 0-1

[Event "Skol-SM 2021, grupp B"]
[Site "Helsingborg Arena"]
[Date "2021.10.09"]
[Round "4.1"]
[White "Falkevall, Axel"]
[Black "Dingertz, Erik"]
[Result "1/2-1/2"]
[WhiteElo "1948"]
[BlackElo "1761"]
[ECO "E46"]
[TimeControl "45 minutes + 10 seconds per move from move one."]
[WhiteTitle "CM"]
[WhiteFideId "1735560"]
[BlackFideId "1741578"]

1.d4 Nf6 2.c4 e6 3.Nc3 Bb4 4.e3 O-O 5.Bd2 d5 6.Nf3 Nbd7 7.Rc1 dxc4 8.Bxc4 
b6 9.O-O Bb7 10.Qe2 c5 11.dxc5 Bxc5 12.Rfd1 Qe7 13.Ba6 Bxa6 14.Qxa6 e5 15.
e4 Bd4 16.Qe2 Rfd8 17.Bg5 Bxc3 18.Rxc3 Nc5 19.Bxf6 Qxf6 20.Rxd8+ Rxd8 21.
g3 Qd6 22.Rc2 Qd1+ 23.Qxd1 Rxd1+ 24.Kg2 f6 25.b4 Nxe4 26.Rc8+ Kf7 27.Rc7+ 
Kf8 28.Rxa7 Rb1 29.Ra8+ Ke7 30.Nh4 g5 31.Nf5+ Ke6 32.Ng7+ Kd5 33.Rd8+ Kc4 
34.Kf3 Nc3 35.a3 e4+ 36.Kg2 Rb2 37.Nf5 Nd5 38.Nd6+ Kd4 39.Nb5+ Ke5 40.Re8+
Kf5 41.Nd4+ Kg6 42.Rxe4 Ra2 43.Nb5 Kf5 44.Nd6+ Kg6 45.Rd4 Nc7 46.Rd3 g4 
47.Nc4 b5 48.Ne3 h5 49.Nd5 Nxd5 50.Rxd5 Rxa3 51.Rxb5 Ra1 52.Rb8 Rb1 53.b5 
Kf5 54.b6 Ke6 55.b7 Kd7 56.Rh8 Rxb7 57.Rxh5 Ke6 58.Ra5 Rb3 59.Ra4 Kf5 60.
Rf4+ Kg5 61.h4+ gxh3+ 62.Kxh3 Rb5 63.Rg4+ Kh5 64.Rh4+ Kg5 65.Rh8 Kg6 66.
Rg8+ Kf7 67.Ra8 Kg6 68.Ra7 Rb4 69.Kg2 Rb3 70.Ra4 Rb5 71.Re4 Kf5 72.Kf3 
Rb3+ 73.Re3 Rb4 74.Rc3 Kg5 75.Rc5+ Kg6 76.g4 Ra4 77.Kg3 Rb4 78.f4 Rb6 79.
Rc7 Ra6 80.f5+ Kh6 81.Re7 Ra1 82.Re2 Kg5 83.Re4 Ra3+ 84.Kg2 Rb3 85.Rc4 Ra3
1/2-1/2

[Event "Skol-SM 2021, grupp B"]
[Site "Helsingborg Arena"]
[Date "2021.10.09"]
[Round "4.2"]
[White "Bjorck, Mauritz"]
[Black "Mitra, Akash"]
[Result "0-1"]
[WhiteElo "1259"]
[BlackElo "1776"]
[ECO "A84"]
[TimeControl "45 minutes + 10 seconds per move from move one."]
[WhiteFideId "1742701"]
[BlackFideId "1726714"]

1.Nf3 f5 2.d4 Nf6 3.c4 e6 4.e3 b6 5.Nc3 Bb7 6.Qc2 Bb4 7.a3 Bxc3+ 8.bxc3 d6
9.Be2 O-O 10.O-O Nbd7 11.Rb1 Qe8 12.Nd2 Qg6 13.Bf3 Ne4 14.Bxe4 fxe4 15.a4 
Rf5 16.Ba3 Rg5 17.g3 Rf8 18.f3 Rxg3+ 19.Kh1 exf3 20.Qxg6 Rxg6 21.Rf2 Rgf6 
22.Rbf1 e5 23.e4 Rf4 24.d5 Ba6 25.h3 g5 26.Rg1 h6 27.Kh2 Nf6 28.Re1 h5 29.
Rxf3 Rxf3 30.Nxf3 Nxe4 31.Re3 Rf4 32.Nxg5 Nxg5 33.Rg3 Rf2+ 34.Kg1 Rf5 35.
Bc1 Kf7 36.Bxg5 Bxc4 37.Bd8 Bxd5 38.Bxc7 Ke7 39.Rg6 Be6 40.Bb8 a6 41.Rg7+ 
Bf7 42.Rg3 Kd7 43.Rd3 Rf6 44.Kg2 Bb3 45.Rg3 Kc8 46.Rg8+ 0-1

[Event "Skol-SM 2021, grupp B"]
[Site "Helsingborg Arena"]
[Date "2021.10.09"]
[Round "4.3"]
[White "Strom-Engdahl, Alexander"]
[Black "Lindholm, Gustav"]
[Result "1/2-1/2"]
[WhiteElo "1822"]
[BlackElo "1709"]
[ECO "D13"]
[TimeControl "45 minutes + 10 seconds per move from move one."]
[WhiteFideId "1741586"]
[BlackFideId "1736515"]

1.c4 c6 2.Nc3 d5 3.cxd5 cxd5 4.d4 Nf6 5.Nf3 Nc6 6.Bf4 a6 7.e3 Bg4 8.Be2 e6
9.O-O Bd6 10.Bg5 Be7 11.Rc1 O-O 12.h3 Bh5 13.Na4 Ne4 14.Bxe7 Nxe7 15.Nc5 
Nxc5 16.Rxc5 Qd6 17.Qb3 Bxf3 18.Bxf3 b6 19.Rc3 Rfc8 20.Rfc1 g6 21.a4 a5 
22.Qb5 Kg7 23.Be2 1/2-1/2

[Event "Skol-SM 2021, grupp B"]
[Site "Helsingborg Arena"]
[Date "2021.10.09"]
[Round "4.4"]
[White "Olsson, William"]
[Black "Nilsson, Oliver"]
[Result "1-0"]
[WhiteElo "1944"]
[BlackElo "1527"]
[ECO "A21"]
[TimeControl "45 minutes + 10 seconds per move from move one."]
[WhiteTitle "FM"]
[WhiteFideId "1741721"]
[BlackFideId "1730177"]

1.c4 e5 2.Nc3 f5 3.g3 Nf6 4.Bg2 d6 5.d3 Be7 6.Nf3 O-O 7.Rb1 Qe8 8.O-O Qh5 
9.Nd5 Nc6 10.b4 f4 11.b5 Bh3 12.bxc6 Ng4 13.Nxe7+ Kh8 14.Nh4 Bxg2 15.Kxg2 
g5 16.Nf3 fxg3 17.h3 Rxf3 18.exf3 Nxf2 19.Rxf2 gxf2 20.cxb7 Rb8 21.Be3 Qf7
22.Nc6 g4 23.hxg4 e4 24.dxe4 Rf8 25.b8=Q 1-0

[Event "Skol-SM 2021, grupp B"]
[Site "Helsingborg Arena"]
[Date "2021.10.09"]
[Round "4.5"]
[White "Ostlund, Tobias"]
[Black "Wernberg, Hugo"]
[Result "0-1"]
[WhiteElo "1308"]
[BlackElo "1866"]
[ECO "D00"]
[TimeControl "45 minutes + 10 seconds per move from move one."]
[BlackTitle "CM"]
[WhiteFideId "1744488"]
[BlackFideId "1737511"]

1.d4 d5 2.Bf4 c5 3.e3 Nc6 4.Nf3 Nf6 5.Nbd2 e6 6.c3 Bd6 7.Bg3 O-O 8.Qc2 Qc7
9.Bxd6 Qxd6 10.g3 cxd4 11.Nxd4 e5 12.Nxc6 bxc6 13.Bg2 e4 14.O-O Bg4 15.c4 
Rab8 16.c5 Qe5 17.b3 Qh5 18.f3 exf3 19.Bxf3 Rbe8 20.Rae1 Re6 21.Bxg4 Nxg4 
22.Rf3 Qxh2+ 23.Kf1 Rfe8 24.Qf5 Qh1+ 25.Ke2 Rxe3+ 26.Rxe3 Rxe3+ 27.Kd1 
Rxe1+ 28.Kc2 Ne3+ 0-1

[Event "Skol-SM 2021, grupp B"]
[Site "Helsingborg Arena"]
[Date "2021.10.09"]
[Round "4.6"]
[White "Ostlund, Joar"]
[Black "Buchert, Matthaus"]
[Result "1-0"]
[WhiteElo "1700"]
[BlackElo "1408"]
[ECO "A59"]
[TimeControl "45 minutes + 10 seconds per move from move one."]
[WhiteFideId "1735020"]
[BlackFideId "1765353"]

1.d4 Nf6 2.c4 c5 3.d5 b5 4.cxb5 a6 5.bxa6 g6 6.Nc3 Bxa6 7.Nf3 Bg7 8.e4 
Bxf1 9.Kxf1 d6 10.g3 O-O 11.Kg2 Nbd7 12.a4 Ng4 13.Qc2 Qa5 14.Bd2 Qa6 15.
Nb5 Rfc8 16.h3 Nge5 17.Nxe5 Bxe5 18.f4 Bd4 19.Bc3 Bxc3 20.Nxc3 c4 21.Rhf1 
Nc5 22.Qe2 Nd3 23.Nb5 Qa5 24.b3 Qb4 25.bxc4 Qxc4 26.Kh1 Qc2 27.Qxc2 Rxc2 
28.Kg1 Nc5 29.a5 Nxe4 30.a6 Nxg3 31.Rf2 Rxf2 32.Kxf2 Ne4+ 33.Ke3 f5 34.a7 
Kf7 35.Nc7 Rxa7 36.Rxa7 Nc3 37.Kd3 Nd1 38.Ra2 h5 39.Rd2 Nf2+ 40.Rxf2 Kf6 
41.Ne6 Kf7 42.Rc2 Kf6 43.Rc8 Kf7 44.Rf8# 1-0

[Event "Skol-SM 2021, grupp B"]
[Site "Helsingborg Arena"]
[Date "2021.10.09"]
[Round "5.1"]
[White "Mitra, Akash"]
[Black "Falkevall, Axel"]
[Result "0-1"]
[WhiteElo "1776"]
[BlackElo "1948"]
[ECO "D00"]
[TimeControl "45 minutes + 10 seconds per move from move one."]
[BlackTitle "CM"]
[WhiteFideId "1726714"]
[BlackFideId "1735560"]

1.d4 Nf6 2.Bg5 d5 3.e3 c5 4.c3 Qb6 5.Qb3 Nc6 6.Nd2 e6 7.Ngf3 Bd6 8.Bb5 c4 
9.Bxc6+ Qxc6 10.Qc2 O-O 11.O-O b5 12.Ne5 Qb7 13.Qd1 Nd7 14.Nxd7 Bxd7 15.f3
f6 16.Bh4 Rae8 17.Qc2 Qc7 18.h3 e5 19.e4 exd4 20.cxd4 Bf4 21.Rfe1 Qc8 22.
Nf1 Bc6 23.Rad1 Bb7 24.Bg3 Qc7 25.Bxf4 Qxf4 26.Qd2 Qxd2 27.Nxd2 dxe4 28.
fxe4 Rd8 29.Nf3 Rfe8 30.d5 f5 31.exf5 Rxe1+ 32.Rxe1 Bxd5 33.Rd1 b4 34.Kf2 
c3 35.bxc3 bxc3 36.Rc1 Rc8 37.a3 Kf7 38.Ke3 Kf6 39.g4 c2 40.g5+ Kxf5 41.
Rxc2 Rxc2 42.Nd4+ Kxg5 43.Nxc2 Kh4 44.Kd4 Bb7 45.Kc5 Kxh3 46.Kd6 g5 47.Kc7
Be4 48.Ne3 g4 49.Kb8 g3 50.Kxa7 g2 0-1

[Event "Skol-SM 2021, grupp B"]
[Site "Helsingborg Arena"]
[Date "2021.10.09"]
[Round "5.2"]
[White "Lindholm, Gustav"]
[Black "Dingertz, Erik"]
[Result "1/2-1/2"]
[WhiteElo "1709"]
[BlackElo "1761"]
[ECO "D37"]
[TimeControl "45 minutes + 10 seconds per move from move one."]
[WhiteFideId "1736515"]
[BlackFideId "1741578"]

1.d4 Nf6 2.c4 e6 3.Nf3 d5 4.Nc3 Be7 5.Bf4 O-O 6.e3 Nbd7 7.c5 c6 8.Bd3 b6 
9.b4 a5 10.a3 Ba6 11.Bxa6 Rxa6 12.Qe2 Qa8 13.b5 cxb5 14.Nxb5 Qc6 15.cxb6 
Rxb6 16.a4 Bb4+ 17.Kf1 Rc8 18.g3 Qc2 19.Ra2 Qe4 20.Na7 Rc4 21.Kg2 h6 22.h4
Ng4 23.Rf1 f6 24.Kg1 g5 25.Nd2 Bxd2 26.Rxd2 Nxf2 27.Rxf2 Rc1+ 28.Rf1 Rxf1+
29.Qxf1 gxf4 30.exf4 Rb1 31.Rd1 Qe3+ 32.Kh2 Rb2+ 33.Kh3 Rb3 34.Qe1 Qxe1 
35.Rxe1 Kf7 36.Nc6 Rb6 37.Nxa5 Ra6 38.Nb7 Ke7 39.a5 Ra7 40.Rb1 Nb8 41.Nc5 
Nc6 42.a6 Nxd4 43.Rb7+ Rxb7 44.axb7 Nc6 45.Na6 d4 46.Kg2 Kd6 47.b8=Q+ Nxb8
48.Nxb8 Kd5 49.Kf2 e5 50.Nd7 Ke6 51.Nc5+ Kd5 52.fxe5 fxe5 53.Nd3 e4 54.
Nf4+ Ke5 55.Ke2 Kf5 56.Nh5 Kg4 57.Nf6+ Kxg3 58.Nxe4+ Kxh4 59.Kd3 Kg4 60.
Kxd4 Kf3 61.Nf6 Kf4 62.Kd3 Ke5 63.Ke4 1/2-1/2

[Event "Skol-SM 2021, grupp B"]
[Site "Helsingborg Arena"]
[Date "2021.10.09"]
[Round "5.3"]
[White "Frank, Anton"]
[Black "Olsson, William"]
[Result "0-1"]
[WhiteElo "1525"]
[BlackElo "1944"]
[ECO "D30"]
[TimeControl "45 minutes + 10 seconds per move from move one."]
[BlackTitle "FM"]
[WhiteFideId "1752383"]
[BlackFideId "1741721"]

1.d4 d5 2.c4 e6 3.Nf3 c6 4.g3 dxc4 5.Bg2 b5 6.O-O Bb7 7.a4 a6 8.Ne5 Nf6 9.
axb5 axb5 10.Rxa8 Bxa8 11.Nc3 Qb6 12.e3 Be7 13.b3 cxb3 14.Qxb3 O-O 15.Bd2 
Nbd7 16.Nd3 Bb7 17.Ra1 Qc7 18.Ra7 Nd5 19.Nxd5 exd5 20.Qc2 Qb8 21.Ra1 Nb6 
22.Ne5 Qc8 23.Rc1 Ba3 24.Ra1 Bd6 25.Nd3 Nc4 26.Nb2 Qd7 27.Nxc4 dxc4 28.Rb1
Ra8 29.e4 Bf8 30.Qb2 Ra3 31.Bf1 Rb3 32.Qa1 Rxb1 33.Qxb1 Qxd4 34.Be3 Qc3 
35.Qa2 Qa3 36.Qb1 Bc8 37.Qd1 Qd6 38.Qa1 Qb8 39.Bf4 Qb7 40.Qb1 Be6 41.Bd2 
b4 42.f4 Qa7+ 43.Kh1 c3 44.Bc1 Qf2 45.Qd3 Bg4 46.Bg2 Be2 0-1

[Event "Skol-SM 2021, grupp B"]
[Site "Helsingborg Arena"]
[Date "2021.10.09"]
[Round "5.4"]
[White "Wernberg, Hugo"]
[Black "Walter, Fridolf"]
[Result "1-0"]
[WhiteElo "1866"]
[BlackElo "1456"]
[ECO "A07"]
[TimeControl "45 minutes + 10 seconds per move from move one."]
[WhiteTitle "CM"]
[WhiteFideId "1737511"]
[BlackFideId "1753347"]

1.Nf3 Nf6 2.g3 d5 3.d3 b6 4.Bg2 Bb7 5.O-O e6 6.Nbd2 Nbd7 7.Re1 Bd6 8.c4 
O-O 9.b3 c5 10.e4 Ne5 11.Qc2 Bc7 12.Bb2 Nxf3+ 13.Nxf3 d4 14.b4 Nd7 15.bxc5
bxc5 16.Bc1 Qe7 17.Nd2 e5 18.Rf1 f5 19.exf5 Bxg2 20.Kxg2 Rxf5 21.Ne4 Rf7 
22.Qe2 Qe6 23.Ng5 Qc6+ 24.Qe4 Qxe4+ 25.Nxe4 Bb6 26.a4 Ba5 27.Ba3 Bb4 28.a5
Rb8 29.Rfb1 Rff8 30.Bxb4 Rxb4 31.Rxb4 cxb4 32.Rb1 Rb8 33.c5 Nf6 34.Nxf6+ 
gxf6 35.c6 Kf7 36.Rxb4 Ra8 37.Rb7+ Ke6 38.c7 Rc8 39.Rxa7 Kd5 40.Rb7 Kc6 
41.a6 Rxc7 42.Rxc7+ Kxc7 43.f4 Kb6 44.fxe5 fxe5 45.Kf3 Kxa6 46.Ke4 Kb5 47.
Kxe5 Kc5 48.g4 1-0

[Event "Skol-SM 2021, grupp B"]
[Site "Helsingborg Arena"]
[Date "2021.10.09"]
[Round "5.5"]
[White "Petersson, David"]
[Black "Strom-Engdahl, Alexander"]
[Result "0-1"]
[WhiteElo "1519"]
[BlackElo "1822"]
[ECO "A45"]
[TimeControl "45 minutes + 10 seconds per move from move one."]
[WhiteFideId "1738658"]
[BlackFideId "1741586"]

1.d4 Nf6 2.Bf4 e6 3.e3 b6 4.Nd2 Bb7 5.c3 d6 6.Ngf3 Nbd7 7.Bd3 Qe7 8.e4 h6 
9.O-O g5 10.Bg3 Bg7 11.e5 Nh5 12.Qe2 Nxg3 13.fxg3 dxe5 14.Nxe5 Nxe5 15.
dxe5 Qc5+ 16.Kh1 Qxe5 17.Qf2 O-O-O 18.Bc4 Rhf8 19.Rae1 Qd6 20.Nb3 a5 21.
Qe2 Kb8 22.Ba6 a4 23.Nc1 a3 24.Bxb7 Kxb7 25.Nb3 Qd3 26.Qf2 axb2 27.Qxb2 
Qxc3 28.Qe2 Qd3 29.Qf2 Qd6 30.Re3 Bd4 31.Nxd4 Qxd4 32.Rfe1 h5 33.Qf3+ Qd5 
34.Qxh5 Qxa2 35.R3e2 Qd5 36.Re5 Qc6 37.Rxg5 Rd2 38.Qh3 Rh8 0-1

[Event "Skol-SM 2021, grupp B"]
[Site "Helsingborg Arena"]
[Date "2021.10.09"]
[Round "5.6"]
[White "Bjorck, Mauritz"]
[Black "Ostlund, Joar"]
[Result "0-1"]
[WhiteElo "1259"]
[BlackElo "1700"]
[ECO "A05"]
[TimeControl "45 minutes + 10 seconds per move from move one."]
[WhiteFideId "1742701"]
[BlackFideId "1735020"]

1.Nf3 Nf6 2.g3 e6 3.Bg2 Be7 4.O-O O-O 5.d4 b6 6.Ne5 d5 7.c4 Bb7 8.Bg5 Nbd7
9.Nd2 h6 10.Bxf6 Nxf6 11.Qc2 c5 12.dxc5 bxc5 13.Rfd1 Qc7 14.f4 d4 15.Bxb7 
Qxb7 16.Rab1 Bd6 17.Ndf3 Rfd8 18.Rd3 Qe4 19.Kf2 g5 20.Rg1 g4 21.Nd2 Qf5 
22.Nc6 Rdc8 23.Qa4 e5 24.Ra3 exf4 25.Ke1 Re8 26.gxf4 Bxf4 27.Rg2 Bxd2+ 28.
Kxd2 Qb1 29.Qb3 Ne4# 0-1

[Event "Skol-SM 2021, grupp B"]
[Site "Helsingborg Arena"]
[Date "2021.10.09"]
[Round "6.1"]
[White "Olsson, William"]
[Black "Falkevall, Axel"]
[Result "1-0"]
[WhiteElo "1944"]
[BlackElo "1948"]
[ECO "E94"]
[TimeControl "45 minutes + 10 seconds per move from move one."]
[WhiteTitle "FM"]
[BlackTitle "CM"]
[WhiteFideId "1741721"]
[BlackFideId "1735560"]

1.d4 Nf6 2.c4 g6 3.Nc3 Bg7 4.Nf3 O-O 5.e4 d6 6.Be2 Nbd7 7.O-O e5 8.Rb1 Qe7
9.d5 Nc5 10.Nd2 a5 11.b3 Bh6 12.Qc2 Nh5 13.Bxh5 gxh5 14.Nf3 Bxc1 15.Rfxc1 
f5 16.Nd2 f4 17.f3 Kh8 18.Kh1 Rg8 19.Rg1 Bd7 20.a3 Rg6 21.b4 axb4 22.axb4 
Na6 23.Ne2 Rag8 24.Qc3 Qg7 25.g3 fxg3 26.Rxg3 Rxg3 27.hxg3 h4 28.Kg2 hxg3 
29.Rh1 c5 30.b5 Nb4 31.Nf1 Ra8 32.Nfxg3 Ra2 33.Qe3 Rc2 34.Ra1 h6 35.Rc1 
Ra2 36.Kf2 Qg5 37.Qxg5 hxg5 38.Rc3 Kg7 39.Nf1 Nc2 40.Nc1 Rb2 41.Rb3 Rxb3 
42.Nxb3 b6 43.Ne3 Nd4 44.Nd2 Be8 45.Nd1 Kf6 46.Nc3 Ke7 47.Na4 Kd8 48.Nxb6 
Kc7 49.Na4 Bd7 50.Ke3 Kb7 51.Kd3 Bh3 52.Ke3 Kc7 53.Kf2 Bd7 54.Nf1 Be8 55.
Ng3 Bg6 56.Nf1 Bh5 57.Nd2 g4 58.fxg4 Bxg4 59.Ke3 Kb7 60.Kd3 Be2+ 61.Kc3 
Bg4 62.Nb2 Ne2+ 63.Kd3 Nd4 64.Na4 Be2+ 65.Ke3 Bg4 66.Nb2 Kb6 67.Nd3 Nc2+ 
68.Kf2 Na3 69.Nb2 Nc2 70.Nb3 Nd4 71.Na4+ Ka7 72.Na5 Bd1 73.b6+ Ka6 74.b7 
1-0

[Event "Skol-SM 2021, grupp B"]
[Site "Helsingborg Arena"]
[Date "2021.10.09"]
[Round "6.2"]
[White "Dingertz, Erik"]
[Black "Wernberg, Hugo"]
[Result "1-0"]
[WhiteElo "1761"]
[BlackElo "1866"]
[ECO "A11"]
[TimeControl "45 minutes + 10 seconds per move from move one."]
[BlackTitle "CM"]
[WhiteFideId "1741578"]
[BlackFideId "1737511"]

1.c4 c6 2.g3 d5 3.Nf3 Nf6 4.Bg2 Bg4 5.Qb3 Qb6 6.d3 Qxb3 7.axb3 e6 8.Nc3 
Nbd7 9.d4 Bxf3 10.Bxf3 Nb6 11.cxd5 exd5 12.O-O Bd6 13.Bd2 O-O 14.Rfc1 Rfe8
15.Na4 Nxa4 16.bxa4 a5 17.e3 Ra7 18.Rab1 Bb4 19.Bxb4 axb4 20.b3 Ra5 21.Kf1
Kf8 22.Ke2 Ke7 23.Kd3 Kd6 24.Bg2 Ne4 25.Bxe4 Rxe4 26.f3 Re7 27.e4 b6 28.
Re1 Raa7 29.Rbc1 Rac7 30.Re2 Red7 31.e5+ Ke6 32.Rec2 c5 33.dxc5 bxc5 34.
Rxc5 Rxc5 35.Rxc5 Kxe5 36.Rb5 Rc7 37.Rxb4 Rc1 38.a5 Kd6 39.a6 Rc8 40.a7 
Ra8 41.Rb7 h6 42.Kd4 g5 43.Rxf7 Kc6 44.b4 Kb5 45.Kxd5 Rd8+ 46.Ke5 Ra8 47.
Kf5 Kxb4 48.Kg6 g4 49.f4 Kc5 50.Kxh6 Kd5 51.Kg5 Rg8+ 52.Kf5 Kd4 53.a8=Q 
Rxa8 54.Kxg4 Ke4 55.Re7+ Kd5 56.h4 Kd6 57.Re1 Rg8+ 58.Kf3 Ra8 59.f5 Ra4 
60.Re4 Ra5 61.Kf4 Ra8 62.g4 Kd5 63.Re1 Ra6 64.Kg5 Ra8 65.f6 Rg8+ 66.Kf5 
Kd6 67.h5 Ra8 68.g5 Rh8 69.f7 Rf8 70.g6 1-0

[Event "Skol-SM 2021, grupp B"]
[Site "Helsingborg Arena"]
[Date "2021.10.09"]
[Round "6.3"]
[White "Strom-Engdahl, Alexander"]
[Black "Mitra, Akash"]
[Result "1-0"]
[WhiteElo "1822"]
[BlackElo "1776"]
[ECO "A16"]
[TimeControl "45 minutes + 10 seconds per move from move one."]
[WhiteFideId "1741586"]
[BlackFideId "1726714"]

1.c4 Nf6 2.Nc3 g6 3.g3 Bg7 4.Nf3 O-O 5.Bg2 d6 6.O-O Nc6 7.Rb1 Nh5 8.b4 f5 
9.Qb3 e5 10.d3 f4 11.c5+ Kh8 12.cxd6 cxd6 13.b5 Ne7 14.Ba3 Re8 15.Ng5 1-0